 Dungeon Crawl Stone Soup version 0.23.2-40-g277498a001 (webtiles) character file.

Game seed: 11086166305635574040

224 Amplified the Skirmisher (level 5, -8/46 HPs)
             Began as a Minotaur Necromancer on Sept 5, 2019.
             Was an Initiate of Qazlal.
             Killed by nerve-wracking pain
             ... invoked by Grinder
              (12 damage)
             ... on level 3 of the Dungeon.
             The game lasted 00:05:17 (3487 turns).

Amplified the Skirmisher (Minotaur Necromancer)     Turns: 3487, Time: 00:05:17

Health: -8/46      AC:  3    Str: 14    XL:     5   Next: 67%
Magic:  6/6        EV: 12    Int: 12    God:    Qazlal [......]
Gold:   196        SH:  0    Dex: 14    Spells: 5/6 levels left

rFire    . . .     SeeInvis .   a - +2 dagger (venom)
rCold    . . .     Gourm    .   (no shield)
rNeg     . . .     Faith    .   e - +0 robe
rPois    .         Spirit   .   (helmet restricted)
rElec    .         Reflect  .   (no cloak)
rCorr    .         Harm     .   (no gloves)
MR       .....                  k - +0 pair of boots
Stlth    ++........             (no amulet)
HPRegen  0.15/turn              h - ring of wizardry
MPRegen  0.10/turn              d - +4 ring of dexterity

@: no status effects
A: retaliatory headbutt, horns 2
a: Renounce Religion


You were on level 3 of the Dungeon.
You worshipped Qazlal.
Qazlal was noncommittal.
You were not hungry.

You visited 1 branch of the dungeon, and saw 3 of its levels.

You collected 196 gold pieces.

Inventory:

Hand Weapons
 a - a +2 dagger of venom (weapon)
 f - a +2 short sword of flaming
 j - a +2 mace of protection
Missiles
 g - 12 poisoned needles
 l - 8 needles of confusion
Armour
 e - a +0 robe (worn)
 k - a +0 pair of boots (worn)
Jewellery
 d - a +4 ring of dexterity (right hand)
 h - a ring of wizardry (left hand)
Potions
 b - 2 potions of brilliance
 n - a potion of magic
Comestibles
 c - 6 rations


   Skills:
 * Level 4.1 Fighting
 * Level 2.2 Short Blades
 - Level 2.1 Dodging
 - Level 1.5 Stealth
 - Level 1.3 Spellcasting
 - Level 3.8 Necromancy
 * Level 1.4 Invocations


You had 5 spell levels left.
You knew the following spells:

 Your Spells              Type           Power        Failure   Level  Hunger
a - Pain                  Necr           ##..         2%          1    ##.....

Your spell library contained the following spells:

 Spells                   Type           Power        Failure   Level  Hunger
 Animate Skeleton         Necr           N/A          2%          1    ##.....
 Vampiric Draining        Necr           ##........   8%          3    ####...
 Regeneration             Chrm/Necr      #.........   16%         3    ####...
 Animate Dead             Necr           N/A          24%         4    #####..


Dungeon Overview and Level Annotations

Branches:
Dungeon (3/15)

Altars:
Qazlal
Uskayaw

Annotations:
D:3 1 runed translucent door, Cykl0x's ghost, amateur FoFi; Grinder


Innate Abilities, Weirdness & Mutations

You reflexively headbutt those who attack you in melee.
You have a pair of horns on your head.


Message History

Wield which item (- for none, * to show all)? (? for menu, Esc to quit)
Okay, then.
You hit Grinder. You headbutt Grinder.
Grinder is moderately wounded.
Grinder hits you.
* * * LOW HITPOINT WARNING * * *
Unknown command.
You hit Grinder.
Grinder is heavily wounded.
Grinder hits you.
* * * LOW HITPOINT WARNING * * *
Unknown command.
You hit Grinder.
Grinder is heavily wounded.
Unknown command.
You hit Grinder.
Grinder looks even sicker.
Your headbutt misses Grinder.
Grinder is severely wounded.
Grinder gestures at you. Pain shoots through your body!
You die...

#.# #.........# #.#.###. #.#
#.........# #5#.# ## #.#.
#.........# #.#.# #.#.
#.........# #.#.#### #<#.
#...###+### #.#.#...
###.###...# #.#######.#.#.## #
#.........# #.......5.#.#...
#.#.........#############.#...
#...........5@.†..........#...
###.......).###############.#'
#....<....# ###.#. #.........#
#..... #.........# #.#.##
#.........# #.#... #####'#####
#.#### #.# #.#
#.#################.#


You could see Grinder.

Vanquished Creatures
  Jessica (D:2)
  Natasha (twice) (D:3)
  Terence (D:2)
  5 adders
  5 worms
  5 dart slugs
  2 leopard geckos
  2 orcs
  5 goblins
  4 hobgoblins (D:1)
  5 jackals (D:2)
  11 bats
  5 frilled lizards
  4 kobolds
  7 rats
64 creatures vanquished.

Notes
Turn   | Place    | Note
-------+----------+-------------------------------------------
     0 | D:1      | Amplified the Minotaur Necromancer began the quest for the
                  | Orb.
     0 | D:1      | Reached XP level 1. HP: 14/14 MP: 1/1
    45 | D:1      | Reached skill level 1 in Fighting
   318 | D:1      | Reached XP level 2. HP: 20/23 MP: 3/3
   626 | D:1      | Reached skill level 2 in Fighting
   971 | D:2      | Reached XP level 3. HP: 28/29 MP: 4/4
  1602 | D:2      | Noticed Jessica
  1742 | D:2      | Noticed Terence
  1761 | D:2      | Killed Terence
  1761 | D:2      | Reached skill level 3 in Fighting
  1761 | D:2      | Reached XP level 4. HP: 23/38 MP: 5/5
  2221 | D:2      | Reached skill level 1 in Short Blades
  2231 | D:2      | Found a stormy altar of Qazlal.
  2240 | D:2      | Noticed Natasha
  2261 | D:2      | Became a worshipper of Qazlal Stormbringer
  2313 | D:2      | Killed Jessica
  2313 | D:2      | Reached XP level 5. HP: 34/46 MP: 6/6
  2571 | D:3      | Noticed Grinder
  2910 | D:3      | Noticed Cykl0x's ghost (amateur FoFi)
  2916 | D:3      | Found a runed translucent door.
  2987 | D:3      | Killed Natasha
  2987 | D:3      | Reached skill level 4 in Fighting
  2987 | D:3      | Reached skill level 1 in Invocations
  3344 | D:3      | Found a hide-covered altar of Uskayaw.
  3406 | D:3      | Noticed Natasha
  3412 | D:3      | Killed Natasha
  3481 | D:3      | Paralysed by Grinder for 2 turns
  3487 | D:3      | Killed from afar by Grinder

Skill      XL: |  1  2  3  4  5 |
---------------+----------------+-----
Necromancy     | 3 |  3.8
Fighting       | 1 2 3 4 |  4.1
Short Blades   | 1 2 |  2.2
Invocations    | 1 |  1.4
Dodging        | |  2.1
Stealth        | |  1.5
Spellcasting   | |  1.3

Action                   |  1- 3 |  4- 6 || total
-------------------------+-------+-------++-------
Melee: Unarmed           |   112 |       ||   112
       Headbutt          |    17 |    13 ||    30
       Dagger            |     7 |    42 ||    49
       Short sword       |       |    34 ||    34
 Cast: Pain              |     1 |       ||     1
  Use: Scroll            |     3 |     4 ||     7
       Potion            |     3 |     3 ||     6
 Stab: Sleeping          |     4 |     4 ||     8
  Eat: Chunk             |     2 |     3 ||     5
       Ration            |       |     1 ||     1
Armor: Robe              |    48 |    10 ||    58
Dodge: Dodged            |   105 |    32 ||   137
